 Dungeon Crawl Stone Soup version 0.19-a0-488-gf8766cc (webtiles) character file.

44 pennpaper the Cudgeler (level 3, 0/23 HPs)
             Began as a Gargoyle Fighter on June 4, 2016.
             Slain by an adder (2 damage)
             ... on level 1 of the Dungeon.
             The game lasted 00:03:12 (882 turns).

pennpaper the Cudgeler (Gargoyle Fighter)            Turns: 882, Time: 00:03:13

Health: 0/23       AC: 14    Str: 20    XL:     3   Next: 60%
Magic:  3/3        EV:  3    Int:  8    God:
Gold:   72         SH:  9    Dex:  9    Spells: 0 memorised, 2 levels left

rFire  . . .     SeeInvis .     a - +0 flail
rCold  . . .     Gourm    .     l - +0 plate armour
rNeg   + . .     Faith    .     c - +0 shield
rPois  ∞         Spirit   .     (no helmet)
rElec  +         Dismiss  .     (no cloak)
rCorr  .         Reflect  .     (no gloves)
SustAt .         Harm     .     (no boots)
MR     .....                    (no amulet)
Stlth  ..........               (no ring)
                                (no ring)

@: not resistant to hostile enchantments, extremely unstealthy
A: negative energy resistance 1, electricity resistance, unbreathing,
petrification resistance, rot immunity, AC +3
a: no special abilities


You were on level 1 of the Dungeon.
You were not hungry.

You visited 1 branch of the dungeon, and saw 2 of its levels.

You collected 72 gold pieces.

Inventory:

Hand Weapons
 a - a +0 flail (weapon)
Armour
 c - a +0 shield (worn)
 l - a +0 plate armour (worn)
Scrolls
 j - a scroll of amnesia {unknown}
 k - 2 scrolls of identify
Potions
 d - a potion of might
 e - a potion of curing {unknown}
 g - a potion of agility
 h - a potion of berserk rage
 m - a potion of haste {unknown}
 n - a potion of resistance {unknown}
 o - a potion of heal wounds {unknown}
Comestibles
 b - a royal jelly
 f - a bread ration
 i - 2 chunks of flesh


   Skills:
 - Level 3.2 Fighting
 * Level 3.8 Maces & Flails
 - Level 3.2 Armour
 - Level 3.2 Shields


You had 2 spell levels left.
You didn't know any spells.

Dungeon Overview and Level Annotations

Branches:
Dungeon (2/15)

Altars:
Cheibriados


Innate Abilities, Weirdness & Mutations

You are resistant to torment.
Your stone body is resilient. (AC +3)
You are immune to poison.
You resist negative energy. (rN+)
You are resistant to electric shocks. (rElec)
You can survive without breathing.
You are immune to petrification.
You are immune to rotting.


Message History

The giant gecko hisses menacingly.
The quokka twitches its whiskers.
The giant gecko bites you.
* * * LOW HITPOINT WARNING * * *
Found an escape hatch in the floor.
The giant gecko bites you but does no damage.
The adder bites you but does no damage.
Found a snail-covered altar of Cheibriados.
The adder bites you but does no damage. The adder bites you but does no damage.
There is a stone staircase leading up here.
You aren't carrying or standing over any spellbooks.
The adder bites you but does no damage. x2
You climb upwards.
There is a stone staircase leading down here.
Okay, then.
The adder bites you but does no damage. The adder bites you but does no damage.
The adder bites you.
You die...

......#.........###.........# #
......#....#......#........##
.........#####......#...).##
...#.#...#########.........####
###..##.............#####.....##
#.######.##.....#.......#....##
#.# ###.##.###...#####........
##.# #.....[...##.#########....
#..####)#######@S.......>.......
##.###...# ###...#####.##.#..
#..###.##########..........##....
#.###..#..........##...#######...
#.##..##.#############..######...
#........# ######..........
.....##### ##...............
...### #..######........ ..##
##.## #......###


You could see an adder.

Vanquished Creatures
  An ooze (D:1)
  A worm (D:2)
  2 dart slugs
  2 giant geckos (D:1)
  A giant cockroach (D:2)
  2 goblins (D:1)
  3 hobgoblins (D:1)
  2 ball pythons (D:1)
  7 bats
  5 kobolds (D:1)
  5 rats
31 creatures vanquished.

Notes
Turn   | Place    | Note
--------------------------------------------------------------
     0 | D:1      | pennpaper the Gargoyle Fighter began the quest for the Orb.
     0 | D:1      | Reached XP level 1. HP: 14/14 MP: 1/1
   161 | D:1      | Reached XP level 2. HP: 19/19 MP: 2/2
   387 | D:1      | Reached XP level 3. HP: 22/23 MP: 3/3
   859 | D:2      | HP: 1/23 [giant gecko (2)]
   862 | D:2      | Found a snail-covered altar of Cheibriados.
   882 | D:1      | Slain by an adder

Vault maps used:
D:1:      dpeg_arrival_shelter
D:2:      lemuel_doored_altar, marbit_many_paths, serial_bayou,
          serial_bayou_shore_b, serial_bayou_ford_a, serial_bayou_shore_a,
          serial_bayou_pond_b, serial_bayou_shore_b,
          hangedman_abyss_or_decor_stabs, grunt_pakellas_basics

Skill      XL: |  1  2 |
---------------+-------+-----
Maces & Flails | 3 |  3.8
Fighting       | |  3.2
Armour         | |  3.2
Shields        | |  3.2

Action                   || total
-------------------------++-------
Melee: Flail             ||   151
  Use: Scroll            ||     3
Armor: Scale mail        ||    32
       Plate armour      ||   143
       Skin              ||     1
Dodge: Dodged            ||    50
Block: Shield            ||   142
